 Dungeon Crawl Stone Soup version 0.31-a0-1300-gb6740aa4e6 (webtiles) character file.

Game seed: 12506897382747552930

2727 LeprechaunX the Mimic (level 9, -1/62 HPs)
             Began as an Octopode Shapeshifter on Dec 18, 2023.
             Was a Follower of Ashenzari.
             Succumbed to an orc's poison
             ... on level 8 of the Dungeon.
             The game lasted 00:11:33 (7223 turns).

LeprechaunX the Mimic (Octopode Shapeshifter)       Turns: 7223, Time: 00:11:34

Health: -1/62      AC:  1    Str: 21    XL:     9   Next: 67%
Magic:  9/9        EV: 13    Int: 13    God:    Ashenzari [*.....]
Gold:   436        SH:  0    Dex: 13    Spells: 8/8 levels left

rFire   . .          .
                       - Unarmed
rCold   . . .        (no shield)
rNeg    . . .        (helmet currently unavailable)
rPois   .            f - amulet of the acrobat
rElec   .            d - ring of the Fated Desperation {Str+6, Melee, Comp} (curse)
rCorr   .            p - ring "Tethered Sorrow" {Slay+4, Dev, Range} (curse)
SInv    .            (no ring)
Will    .....        (no ring)
Stlth   ++           (no ring)
HPRegen 0.30/turn    (no ring)
MPRegen 0.11/turn    (no ring)
                     (no ring)

%: acrobat
@: lethally poisoned (-1 -> -12), beast-form
A: beast (slay +4), almost no armour, amphibious, 8 rings, camouflage 1,
gelatinous body 1, (nimble swimmer 1), tentacles
a: Begin Untransformation, Renounce Religion, Curse Item, Shatter the Chains


You were on level 8 of the Dungeon.
You worshipped Ashenzari.
Ashenzari was aware of your devotion.
You were a hulking beast.
You visited 2 branches of the dungeon, and saw 9 of its levels.

You collected 436 gold pieces.

Inventory:

Hand Weapons
 a - a +0 shortbow
 y - a +0 arbalest
Missiles
 n - a boomerang (quivered)
 x - 2 throwing nets
Armour
 D - an orb of wrath
Jewellery
 d - the cursed ring of the Fated Desperation (left tentacle) {Str+6, Melee, Comp}
   (You found it on level 1 of the Dungeon)

   [ring of strength]

   Str+6:     It affects your strength (+6).
   It has a curse which improves the following skills: Melee Combat: Short
   Blades, Long Blades, Axes, Maces & Flails, Polearms, Staves and Unarmed
   Combat.
   Companions: Summonings and Necromancy.
 f - an amulet of the acrobat (around mantle)
 i - a ring of wizardry
 p - the cursed ring "Tethered Sorrow" (right tentacle) {Slay+4, Dev, Range}
   (You found it on level 3 of the Dungeon)

   [ring of slaying]

   Slay+4:    It affects your accuracy & damage with ranged weapons and melee
   (+4).
   It has a curse which improves the following skills: Devices: Evocations and
   Shapeshifting.
   Ranged Combat: Ranged Weapons and Throwing.
 q - an amulet of magic regeneration
Talismans
 b - a beast talisman
 c - a flux talisman
Wands
 r - a wand of flame (5)
Scrolls
 g - 12 scrolls of identify
 k - a scroll of poison
 l - 2 scrolls of revelation
 m - a scroll of immolation
 u - 2 scrolls of enchant weapon
 v - 2 scrolls of blinking
 C - a scroll of teleportation
Potions
 e - a potion of degeneration
 h - a potion of attraction
 j - 3 potions of invisibility
 o - a potion of haste
 s - 2 potions of curing
 t - 3 potions of lignification
 w - 2 potions of cancellation
 z - 3 potions of might
 A - a potion of mutation
 B - a potion of heal wounds


   Skills:
 + Level 6.0 Fighting
 - Level 2.7(3.4) Throwing
 - Level 2.0 Dodging
 - Level 5.2(6.0) Unarmed Combat
 + Level 5.8(6.6) Evocations
 * Level 8.4(9.2) Shapeshifting


You had 8 spell levels left.
You didn't know any spells.
Your spell library contained the following spells:

 Spells                   Type           Power      Damage    Failure   Level
 Freeze                   Ice            0%         1d3       30%         1
 Call Canine Familiar     Summ           0%         N/A       67%         3
 Frozen Ramparts          Ice            0%         1d1       67%         3
 Hailstorm                Conj/Ice       0%         3d5       67%         3
 Sigil of Binding         Hex            0%         N/A       67%         3
 Dimensional Bullseye     Hex/Tloc       0%         N/A       97%         4


Dungeon Overview and Level Annotations

Branches:
Dungeon (8/15)             Temple (1/1) D:4
   Lair: D:8-11

Altars:
Ashenzari
Cheibriados
Dithmenos
Elyvilon
Fedhas
Gozag
Hepliaklqana
Kikubaaqudgha
Makhleb
Nemelex Xobeh
Okawaru
Qazlal
Ru
Sif Muna
Trog
Uskayaw
Vehumet
Wu Jian
Xom
Zin
The Shining One

Shops:
D:1 =   D:6 (

Annotations:
D:6 3 runed translucent doors, Nertanef's ghost, novice TrFi
D:7 1 runed translucent door, Crazy Yiuf


Innate Abilities, Weirdness & Mutations

You are a hulking beast.
Your limbs bulge with bestial killing power. (Slay +4)
You cannot wear most types of armour.
You are amphibious.
You can wear up to eight rings at the same time.
Your skin changes colour to match your surroundings (Stealth+).
Your rubbery body absorbs attacks. (AC +1, EV +1)
((You are camouflaged when in or above water. (Stealth+)))
You have tentacles for arms and can constrict up to eight enemies at once.


Message History

The orc hits you with a +0 flail.
The white imp shouts, "Quit, thou bawdy crook-pated clack-dish!"
Things that are here:
9 gold pieces; a +0 club You bludgeon the orc!
You kill the orc!
You feel sick.
The orc hits you with a +1 dagger of venom.
You are more poisoned.
You tentacle-slap the orc priest. Your grab misses the orc priest.
The orc priest is moderately wounded.
You feel very sick. The orc misses you. The white imp hits you.
The white imp freezes you. The orc priest hits you with a +0 club.
You bludgeon the orc priest!
You kill the orc priest!
You feel very sick. The orc closely misses you. The white imp gestures at you.
The puff of frost hits you!
* * * LOW HITPOINT WARNING * * *
Your Fighting skill increases to level 6!
You feel very sick.
You barely miss the orc. You grab the orc. Your squeeze misses the orc.
You constrict the orc.
You feel sick.
The orc hits you with a +1 dagger of venom.
* * * LOW HITPOINT WARNING * * *
You are lethally poisoned!
You bludgeon the orc!
You kill the orc!
* * * LOW HITPOINT WARNING * * *
You feel very sick.
You barely miss the white imp. You grab the white imp.
You constrict the white imp.
* * * LOW HITPOINT WARNING * * *
You feel very sick. The white imp barely misses you.
You tentacle-slap the white imp. You squeeze the white imp.
You kill the white imp!
You die...

#...#.#.#.#.#.#.
#...............
#.....⌠.....⌠...
........_...... #
#...⌠.....⌠.
###.#.....:...
+.....#.#.#)#.#.#.
#........h$.......
...###..##)...###
#..#####..#
#...'.....#
#...#....##
#...#.....#
#...#.....#
#...#.....#
##.##.##.####


There were no monsters in sight!

Vanquished Creatures
  Prince Ribbit (D:5)
  3 yaks (D:8)
  Eustachio (D:6)
  2 sky beasts
  An ice beast (D:7)
  An orc warrior (D:7)
  3 centaurs
  Blork the orc (D:5)
  2 bullfrogs (D:7)
  2 scorpions
  A gnoll sergeant (D:7)
  2 vampire bats (D:6)
  5 howler monkeys
  2 hounds
  A gnoll bouda (D:4)
  3 jellies (D:7)
  4 orc priests
  3 iguanas
  2 orc wizards
  8 gnolls
  5 adders
  A shadow imp (D:7)
  2 white imps
  2 ufetubi (D:6)
  4 worms
  2 dart slugs
  19 orcs
  A bat skeleton (D:6)
  4 bat zombies (D:6)
  6 endoplasms
  3 giant cockroaches
  10 goblins
  7 hobgoblins
  4 jackals (D:4)
  7 kobolds
  4 quokkas
  14 ball pythons
  8 bats
  6 frilled lizards
  5 rats
162 creatures vanquished.

Notes
Turn   | Place    | Note
-------+----------+-------------------------------------------
     0 | D:1      | LeprechaunX the Octopode Shapeshifter began the quest for
                  | the Orb.
     0 | D:1      | Reached XP level 1. HP: 13/13 MP: 1/1
   143 | D:1      | Reached XP level 2. HP: 18/18 MP: 2/2
   200 | D:1      | Found Visk's Jewellery Shoppe.
   364 | D:1      | Reached XP level 3. HP: 23/23 MP: 3/3
   678 | D:1      | Found a faded altar of an unknown god.
   950 | D:2      | Reached XP level 4. HP: 17/29 MP: 4/4
  1663 | D:3      | Reached skill level 4 in Shapeshifting
  1929 | D:3      | Found a glowing silver altar of Zin.
  2259 | D:4      | Reached XP level 5. HP: 35/35 MP: 5/5
  2362 | D:4      | Found a shimmering blue altar of Sif Muna.
  2376 | D:4      | Noticed a centaur
  2378 | D:4      | Found a radiant altar of Vehumet.
  2383 | D:4      | Killed a centaur
  2384 | D:4      | Reached skill level 1 in Throwing
  2464 | D:4      | Reached skill level 1 in Evocations
  2464 | D:4      | Reached XP level 6. HP: 33/41 MP: 6/6
  2682 | D:4      | Found a staircase to the Ecumenical Temple.
  2815 | Temple   | Entered the Ecumenical Temple
  2858 | Temple   | Became a worshipper of Ashenzari the Shackled
  3559 | D:5      | Entered Level 5 of the Dungeon
  3582 | D:5      | Reached skill level 5 in Shapeshifting
  3582 | D:5      | Reached XP level 7. HP: 30/46 MP: 7/7
  3657 | D:5      | Found a sparkling altar of Nemelex Xobeh.
  3780 | D:5      | Noticed Blork the orc
  3788 | D:5      | Killed Blork the orc
  3884 | D:5      | Noticed Prince Ribbit
  3903 | D:5      | Killed Prince Ribbit
  4339 | D:6      | Noticed Nertanef's ghost (novice TrFi)
  4365 | D:6      | Found a runed translucent gate.
  4365 | D:6      | Found a runed translucent gate.
  4365 | D:6      | Found a runed translucent gate.
  4382 | D:6      | Reached XP level 8. HP: 50/54 MP: 8/8
  4505 | D:6      | Reached skill level 6 in Shapeshifting
  4581 | D:6      | Reached skill level 5 in Unarmed Combat
  4826 | D:6      | Found an iron altar of Okawaru.
  4831 | D:6      | Found a hide-covered altar of Uskayaw.
  4836 | D:6      | Found a sacrificial altar of Ru.
  4959 | D:6      | Noticed Eustachio
  4991 | D:6      | Killed Eustachio
  5209 | D:6      | Reached * piety under Ashenzari
  5210 | D:6      | Found a bloodstained altar of Trog.
  5257 | D:6      | Found Liot's Antique Weapon Shoppe.
  5298 | D:6      | Found an ancient bone altar of Kikubaaqudgha.
  5483 | D:7      | Reached skill level 7 in Shapeshifting
  5695 | D:7      | Reached skill level 5 in Fighting
  5695 | D:7      | Reached XP level 9. HP: 39/61 MP: 9/9
  6064 | D:7      | Reached skill level 5 in Evocations
  6168 | D:7      | Identified the +1 leather armour of Spite {Harm rF+ rCorr}
  6550 | D:7      | Found a runed translucent door.
  6551 | D:7      | Noticed Crazy Yiuf
  6791 | D:7      | Found a stormy altar of Qazlal.
  7085 | D:8      | Reached skill level 8 in Shapeshifting
  7208 | D:8      | Found a white marble altar of Elyvilon.
  7222 | D:8      | HP: 2/62 [poisoned by an orc]
  7223 | D:8      | Succumbed to an orc's poison

Illustrated notes

Levels and vault maps discovered:
D:1:      ncdulo_lavacross, layout_loops_ring,
          dilly_ecumenical_altar_fadedgnrine, serial_shops, shop
D:2:      layout_loops_ring
D:3:      layout_loops_ring, zin_statuary
D:4:      layout_loops_corners, mainiacjoe_overflow_catwalk,
          mainiacjoe_overflow_paths, temple_pool_b
D:5:      layout_loops_ring, amcnicky_altar_gilded, minivault_19,
          uniq_prince_ribbit1, uniq_blork_the_orc
D:6:      layout_loops_cross, minmay_overflow_temple_star_quad,
          kennysheep_vampire_church, trog_hazing_becter, serial_shops,
          kennysheep_mini_moat, gammafunk_ghost_icy, uniq_eustachio
D:7:      layout_layer_cave, mainiacjoe_overflow_alcove_2,
          minmay_misc_feat_four_crosses, uniq_crazy_yiuf_cottage
D:8:      layout_gridville, elyvilon_altar_5, enter_bailey_2
Temple:   jpeg_temple_alley_garden

Skill      XL: |  1  2  3  4  5  6  7  8  9 |
---------------+----------------------------+-----
Fighting       | 2 3 5 6 |  6.0
Shapeshifting  | 4 5 7 8 |  8.4
Throwing       | 1 2 |  2.7
Unarmed Combat | 4 5 |  5.2
Evocations     | 1 2 4 5 |  5.8
Dodging        | |  2.0

Action                     |  1- 3 |  4- 6 |  7- 9 || total
---------------------------+-------+-------+-------++-------
  Melee: Unarmed           |    67 |    81 |   144 ||   292
         Constrict         |    16 |    21 |    44 ||    81
         Tentacles         |     8 |    10 |    41 ||    59
         Punch             |     2 |     1 |     6 ||     9
   Fire: Shortbow          |       |       |    43 ||    43
  Throw: Boomerang         |       |    16 |     6 ||    22
 Invoke: Curse Item        |       |       |     2 ||     2
   Stab: Sleeping          |     8 |    13 |     9 ||    30
 Armour: Skin              |    19 |    35 |    72 ||   126
  Dodge: Dodged            |    40 |    66 |   123 ||   229

Table legend: (Time is in decaauts)
 A = Elapsed time spent in this place.
 B = Non-inter-level travel time spent in this place.
 C = Inter-level travel time spent in this place.
 D = Time resting spent in this place.
 E = Time spent auto-exploring this place.
 F = Levels seen in this place.
 G = Mean time per level.
                   A        B        C        D        E       F      G
               +--------+--------+--------+--------+--------+-----+--------+
         Total |   7209 |   6825 |    384 |    512 |   5154 |   9 |  801.0 |
       Dungeon |   7124 |   6821 |    303 |    512 |   5154 |   8 |  890.5 |
        Temple |     84 |      3 |     81 |      0 |      0 |   1 |   84.0 |
               +--------+--------+--------+--------+--------+-----+--------+

Top non-repeatable levels by time:
     D:7: 1545 daAuts
     D:4: 1231 daAuts
     D:6: 1225 daAuts
     D:1: 825 daAuts
     D:2: 746 daAuts
     D:5: 739 daAuts
     D:3: 662 daAuts
     D:8: 148 daAuts
  Temple: 84 daAuts
